 Dungeon Crawl Stone Soup version 0.31-a0-968-g24f9ace8b5 (webtiles) character file.

Game seed: 14325992422667704835

2521406 tsouns the Imperceptible (level 27, 205/228 HPs)
             Began as a Merfolk Artificer on Oct 25, 2023.
             Was an Initiate of Gozag.
             Escaped with the Orb
             ... and 4 runes on Oct 27, 2023!
             The game lasted 03:32:52 (60044 turns).

tsouns the Imperceptible (Merfolk Artificer)       Turns: 60044, Time: 03:32:53

Health: 205/228    AC: 26    Str: 21      XL:     27
Magic:  39/41      EV: 25    Int: 20 (23) God:    Gozag
Gold:   5731       SH: 18    Dex: 19      Spells: 21/54 levels left

rFire   + + +        D - +9 demon trident (elec)
rCold   + + .        h - +4 kite shield {reflect}
rNeg    . . .        S - +6 acid dragon scales
rPois   +            A - +2 helmet {SInv}
rElec   +            P - scarf of Tenacity {+Inv, Int+3 Stlth+}
rCorr   +            M - +2 pair of gloves {infuse}
SInv    +            Q - +2 pair of boots {Stlth+}
Will    ++...        q - amulet of Vitality {RegenMP++ Regen++}
Stlth   ++++         z - ring "Qasiduhek" {rElec rF+ Str+6 Dex+3}
HPRegen 2.18/turn    I - ring "Kefim" {rF+ rC+ Dex+2 Slay+2}
MPRegen 1.07/turn

%: reflection, infuse magic (1 MP)
@: resistant, studying Armour, invisible
A: (nimble swimmer 2), mertail, clumsy 1, sense surroundings 1
0: Orb of Zot
}: 4/15 runes: decaying, serpentine, slimy, silver
a: Renounce Religion, Evoke Invisibility, Potion Petition, Call Merchant, Bribe
Branch


You escaped.
You worshipped Gozag.
Gozag was greatly pleased with you.
You visited 12 branches of the dungeon, and saw 56 of its levels.
You visited the Abyss 1 time.
You visited 1 bazaar.
You also visited: Bailey, Gauntlet and Ice Cave.

You collected 30335 gold pieces.
You spent 10439 gold pieces at shops.
You paid 14165 gold pieces to Gozag.

Inventory:

Hand Weapons
 y - the +8 trident of the Octopus King {venom, rElec rPois}
   (You found it on level 3 of the Dungeon)

   rElec:     It insulates you from electricity.
   rPois:     It protects you from poison
 D - a +9 demon trident of electrocution (weapon)
Missiles
 X - 12 curare-tipped darts
Armour
 h - a +4 kite shield of reflection (worn)
 A - a +2 helmet of see invisible (worn)
 M - a +2 pair of gloves of infusion (worn)
 P - the scarf of Tenacity (worn) {+Inv, Int+3 Stlth+}
   (You bought it in a shop on level 10 of the Dungeon)

   Int+3:     It affects your intelligence (+3).
   Stlth+:    It makes you more stealthy.
 Q - a +2 pair of boots of stealth (worn)
 S - +6 acid dragon scales (worn)
Jewellery
 q - the amulet of Vitality (around neck) {RegenMP++ Regen++}
   (You found it on level 12 of the Dungeon)

   [amulet of magic regeneration]

   RegenMP:   It increases your rate of magic regeneration.
   Regen++:   It increases your rate of health regeneration.
 z - the ring "Qasiduhek" (left hand) {rElec rF+ Str+6 Dex+3}
   (You bought it in a shop on level 4 of the Dungeon)

   [ring of strength]

   Str+6:     It affects your strength (+6).
   Dex+3:     It affects your dexterity (+3).
   rF+:       It protects you from fire.
   rElec:     It insulates you from electricity.
 I - the ring "Kefim" (right hand) {rF+ rC+ Dex+2 Slay+2}
   (You found it in a Gauntlet)

   [ring of protection from cold]

   Dex+2:     It affects your dexterity (+2).
   Slay+2:    It affects your accuracy & damage with ranged weapons and melee
   (+2).
   rF+:       It protects you from fire.
   rC+:       It protects you from cold.
Talismans
 w - the serpent talisman of Ashenzari's Hope {Fly rN+}
   (You took it off Aizul on level 1 of the Snake Pit)

   [serpent talisman]

   rN+:       It protects you from negative energy.
   Fly:       It grants you flight.
Wands
 b - a wand of iceblast (45)
 d - a wand of charming (8)
 m - a wand of paralysis (71)
 s - a wand of light (23)
 t - a wand of digging (30)
 C - a wand of mindburst (42)
 K - a wand of polymorph (42)
Scrolls
 g - 9 scrolls of fog
 i - a scroll of vulnerability
 j - 7 scrolls of revelation
 n - 3 scrolls of immolation
 p - 19 scrolls of teleportation
 E - 6 scrolls of silence
 F - 9 scrolls of fear
 G - 4 scrolls of blinking
 T - 5 scrolls of poison
 U - 28 scrolls of identify
Potions
 a - 10 potions of haste
 c - a potion of resistance
 e - 3 potions of cancellation
 f - 7 potions of enlightenment
 o - 4 potions of invisibility
 u - 8 potions of brilliance
 v - 3 potions of might
 H - 2 potions of ambrosia
 L - 4 potions of magic
 R - 7 potions of curing
Miscellaneous
 x - a tin of tremorstones (2/2)
 B - a lightning rod (4/4)
 V - a phantom mirror
 Z - a phial of floods


   Skills:
 + Level 21.3 Fighting
 + Level 23.4 Polearms
 + Level 13.8 Armour
 + Level 21.2 Dodging
 - Level 24.4 Stealth
 + Level 13.8 Shields
 + Level 14.3 Spellcasting
 - Level 2.1 Conjurations
 + Level 11.5 Hexes
 - Level 2.7 Necromancy
 - Level 3.6 Transmutations
 - Level 1.6 Ice Magic
 - Level 1.1 Air Magic
 - Level 2.2 Earth Magic
 - Level 1.8 Poison Magic
 + Level 17.7 Evocations


You had 21 spell levels left.
You knew the following spells:

 Your Spells              Type           Power      Damage    Failure   Level
a - Ensorcelled Hibernat  Hex/Ice        80%        N/A       1%          2
b - Mephitic Cloud        Conj/Pois/Air  21%        N/A       13%         3
c - Dazzling Flash        Conj/Hex       82%        N/A       1%          3
d - Jinxbite              Hex            100%       N/A       1%          2
e - Anguish               Hex/Necr       21%        N/A       4%          4
f - Passwall              Tmut/Erth      21%        N/A       3%          2
g - Blink                 Tloc           28%        N/A       13%         2
h - Enfeeble              Hex            28%        N/A       52%         7
i - Discord               Hex            28%        N/A       99%         8

Your spell library contained the following spells:

 Spells                   Type           Power      Damage    Failure   Level
 Slow                     Hex            100%       N/A       1%          1
 Confusing Touch          Hex            57%        N/A       1%          3
 Sigil of Binding         Hex            57%        N/A       1%          3
 Cause Fear               Hex            28%        N/A       1%          4
 Necrotise                Necr           100%       1d9       2%          1
 Sting                    Tmut/Pois      100%       1d8       2%          1
 Wereblood                Tmut           29%        N/A       2%          2
 Inner Flame              Hex/Fire       37%        N/A       2%          3
 Summon Guardian Golem    Hex/Summ       37%        N/A       2%          3
 Magic Dart               Conj           88%        1d7       3%          1
 Sandblast                Erth           46%        2d11      3%          1
 Freeze                   Ice            84%        1d9       4%          1
 Shock                    Conj/Air       80%        1d8       4%          1
 Sublimation of Blood     Necr           25%        N/A       4%          2
 Leda's Liquefaction      Hex/Erth       21%        N/A       4%          4
 Cigotuvi's Dreadful Rot  Necr/Pois/Air  44%        N/A       6%          2
 Static Discharge         Conj/Air       40%        3-5/arc   7%          2
 Dimensional Bullseye     Hex/Tloc       18%        N/A       8%          4
 Apportation              Tloc           28%        N/A       9%          1
 Summon Small Mammal      Summ           56%        N/A       9%          1
 Vampiric Draining        Necr           25%        2d7       9%          3
 Yara's Violent Unravell  Hex/Tmut       22%        3d10      11%         5
 Hailstorm                Conj/Ice       21%        3d6       12%         3
 Ignite Poison            Fire/Tmut/Pois 21%        N/A       12%         3
 Call Imp                 Summ           28%        N/A       13%         2
 Lesser Beckoning         Tloc           28%        N/A       13%         2
 Scorch                   Fire           28%        2d6       13%         2
 Frozen Ramparts          Ice            42%        1d7       13%         3
 Swiftness                Air            19%        N/A       16%         3
 Silence                  Hex/Air        19%        N/A       17%         5
 Call Canine Familiar     Summ           14%        N/A       26%         3
 Gell's Gravitas          Tloc           14%        N/A       26%         3
 Teleport Other           Tloc           14%        N/A       26%         3
 Volatile Blastmotes      Fire/Tloc      28%        2d12      26%         3
 Dispel Undead            Necr           25%        3d12      26%         4
 Brom's Barrelling Bould  Conj/Erth      23%        2d4       34%         4
 Olgreb's Toxic Radiance  Pois           21%        N/A       38%         4
 Airstrike                Air            9%         2d(2-18)  45%         4
 Animate Armour           Summ/Erth      36%        N/A       47%         4
 Flame Wave               Conj/Fire      18%        2d7       50%         4
 Sticky Flame             Conj/Fire      18%        2d4       50%         4
 Summon Ice Beast         Ice/Summ       17%        N/A       52%         4
 Summon Lightning Spire   Summ/Air       16%        N/A       54%         4
 Vhi's Electric Charge    Tloc/Air       32%        N/A       54%         4
 Agony                    Necr           25%        N/A       58%         5
 Irradiate                Conj/Tmut      12%        3d15      58%         5
 Manifold Assault         Tloc           14%        N/A       63%         4
 Passage of Golubria      Tloc           14%        N/A       63%         4
 Borgnjor's Vile Clutch   Necr/Erth      12%        N/A       63%         5
 Lee's Rapid Deconstruct  Erth           11%        3d8*      67%         5
 Iskenderun's Battlesphe  Conj           22%        2d8       69%         5
 Freezing Cloud           Conj/Ice/Air   10%        6-21      77%         5
 Fireball                 Conj/Fire      9%         3d6       83%         5
 Summon Forest            Summ/Tloc      7%         N/A       93%         5
 Death Channel            Necr           12%        N/A       99%         6
 Eringya's Noxious Bog    Tmut/Pois      12%        4d6       99%         6
 Conjure Ball Lightning   Conj/Air       10%        3x3d6     100%        6
 Dispersal                Tloc           7%         N/A       100%        6
 Starburst                Conj/Fire      9%         6d5       100%        6
 Haunt                    Necr/Summ      9%         N/A       100%        7
 Malign Gateway           Summ/Tloc      7%         N/A       100%        7
 Monstrous Menagerie      Summ           7%         N/A       100%        7
 Orb of Destruction       Conj           11%        9d6       100%        7
 Summon Hydra             Summ           7%         N/A       100%        7
 Borgnjor's Revivificati  Necr           12%        N/A       100%        8
 Disjunction              Tloc           7%         N/A       100%        8
 Ignition                 Fire           7%         3d4       100%        8
 Lehudib's Crystal Spear  Conj/Erth      11%        10d4      100%        8
 Maxwell's Capacitive Co  Air            9%         ∞         100%        8
 Death's Door             Necr           12%        N/A       100%        9
 Dragon's Call            Summ           7%         N/A       100%        9
 Animate Dead             Necr           Unusable   N/A       N/A         4
 Simulacrum               Ice/Necr       Unusable   N/A       N/A         6

Dungeon Overview and Level Annotations

Branches:
Dungeon (15/15)            Temple (1/1) D:4            Lair (5/5) D:10
  Swamp (4/4) Lair:3        Snake (4/4) Lair:2        Slime (5/5) Lair:4
    Orc (2/2) D:12            Elf (3/3) Orc:2        Vaults (5/5) D:14
  Crypt (3/3) Vaults:3       Tomb (0/3) Crypt:3      Depths (4/4) D:15
    Zot (5/5) Depths:4     Bailey (visited)           IceCv (visited)
Gauntlet (visited)

Altars:
Ashenzari
Cheibriados
Dithmenos
Elyvilon
Fedhas
Gozag
Hepliaklqana
Kikubaaqudgha
Makhleb
Nemelex Xobeh
Okawaru
Qazlal
Ru
Sif Muna
Trog
Uskayaw
Vehumet
Wu Jian
Xom
Yredelemnul
Zin
The Shining One
Jiyva
Lugonu

Shops:
D:4 =   D:6 [   D:7 (   D:10 [   D:11 [   D:13 *   D:15 (=((   Orc:2 ?[*?[=!*
Elf:1 !?   Snake:2 [*[:   Vaults:1 (   Vaults:4 [   Zot:1 [=   Depths:1 (=::
Depths:4 =

Portals:
Hell: Depths:1 Depths:2 Depths:3 Depths:4
Abyss: D:3 Lair:5 Depths:2 Depths:3 Depths:4
Pandemonium: Orc:2 Depths:2
Ziggurat: Depths:1

Annotations:
D:3 2 transporters, Arcadio's ghost, amateur GnHu
Vaults:2 Jory
Depths:2 3 runed translucent doors, Ybboohyv's ghost, adept HOMo
Zot:2 exclusion: 4 oklob plants
Zot:5 exclusions: obsidian statue and orange crystal statue


Innate Abilities, Weirdness & Mutations

((You are very nimble when in or above water. (Stealth+, EV+, Speed+++)))
Your lower body shifts to a powerful aquatic tail in water.
You are clumsy. (Dex -2)
You passively map a small area around you.


Message History

There is a stone staircase leading up here.
The smoke demon misses you. x2; You block the smoke demon's attack.
You climb upwards.
There is a stone staircase leading down here.
You puncture the smoke demon!
The smoke demon is heavily wounded.
You puncture the smoke demon!
Lightning courses through the smoke demon!!
You kill the smoke demon!
You now have 6475 gold pieces (gained 3).
There is a stone staircase leading down here.
You see here 3 poisoned darts.
There is a stone staircase leading up here.
You climb upwards.
There is a stone staircase leading down here.
There is an open door here.
You see here a +0 dagger.
An Ice Fiend comes into view.
The Ice Fiend moves out of view.
There is an open door here.
There is a staircase leading out of the dungeon here. [a] - 240 gold - invisibility and might [b] - 744 gold - heal wounds, magic, resistance and invisibility [c] - 500 gold - haste and resistance Purchase which effect? [a] - 240 gold - invisibility and might [b] - 744 gold - heal wounds, magic, resistance and invisibility [c] - 500 gold - haste and resistance Purchase which effect?
You feel much better. Magic courses through your body.
You feel protected.
You fade into invisibility!
You feel extremely strange.
You feel more energetic.
You feel agile.
You feel stupid.
You feel clumsy. The Ice Fiend gestures at you. The bolt of cold hits you!
You resist.
Unknown command.
Unknown command.
The Ice Fiend gestures at you. The bolt of cold hits you! You resist.
You have escaped!

.....#.# ##.# #+##.#.# #.##
#.##.#.# #..##### #......#
##.....###
####.##########1#...######
# #.#.#.................#
#.#.#.###+#######1###.#
#...#.#..⌠...>...⌠..#.#
###.#.#......@......#.#
#.#.'⌠....###....⌠'.#
#.#.#.............#.#
#.#.#######'#######.#
#.#.#.............#.##
#.#.#.............#..#
######.#.#.............#..#
.........###############..#
#######...................#


You could see an Ice Fiend.

Vanquished Creatures
  the Royal Jelly (Slime:5)
  An orb of fire (Zot:1)
  Khufu (Crypt:3)
  2 ancient liches
  Mara (Vaults:4)
  Sojobo (Crypt:3)
  Vv (Crypt:3)
  A Killer Klown (Zot:1)
  A shard shrike (IceCv)
  Vashnia (Snake:3)
  Saint Roka (Orc:2)
  the Lernaean hydra (Swamp:4)
  A curse toe (Zot:4)
  4 golden dragons
  A profane servitor (Crypt:3)
  Norris (Elf:1)
  A bone dragon (Crypt:3)
  12 tentacled monstrosities
  Jorgrun (D:14)
  4 Orb Guardians
  8 liches
  A walking crystal tome (Depths:3)
  The ghost of Laziaso the Tortoise, an adept GrFi of Makhleb (Crypt:1)
  7 titans (Vaults:5)
  3 deep elf blademasters
  Mlioglotl (Snake:3)
  4 quicksilver dragons
  3 deep elf master archers
  3 ancient champions
  3 sphinxes
  3 death cobs
  The ghost of Guam the Warrior, an adept HOMo of Beogh (Depths:3)
  21 acid blobs
  Gastronok (Lair:1)
  8 shadow dragons
  8 tengu reavers
  Roxanne (D:14)
  7 storm dragons
  Aizul (Snake:1)
  Kirke (Snake:1)
  5 revenants
  A thorn hunter (Swamp:2)
  Donald (Swamp:2)
  A draconian monk (Depths:4)
  6 fire giants
  Agnes (Snake:4)
  A fenstrider witch (Swamp:2)
  8 azure jellies
  8 frost giants
  7 deep elf sorcerers
  14 rockslimes
  A ghost moth (Zot:4)
  6 nagarajas
  An emperor scorpion (shapeshifter) (Vaults:5)
  14 vault wardens
  4 deep elf elementalists (Elf:3)
  2 ghost moths (shapeshifter) (Vaults:5)
  A juggernaut zombie (Crypt:3)
  2 orc warlords
  3 draconian annihilators
  4 quicksilver oozes
  A caustic shrike zombie (Crypt:3)
  20 ironbound preservers
  4 ghouls
  3 draconian shifters
  2 curse skulls
  18 stone giants
  5 war gargoyles
  17 very ugly things
  4 ironbound thunderhulks
  5 formless jellyfish
  6 vampire knights
  A bunyip (Swamp:1)
  6 deep elf demonologists
  6 deep elf annihilators
  2 purple draconians
  3 black draconians
  7 dire elephants
  2 yellow draconians
  8 white draconians
  3 eleionomae
  A minotaur (Gauntlet)
  Snorg (Orc:2)
  2 eidola (Crypt:1)
  A red draconian (Zot:2)
  11 ettins
  11 deep elf death magi
  Josephine (Orc:2)
  A crystal guardian (Vaults:4)
  2 mummy priests (Crypt:3)
  2 entropy weavers
  5 deep elf high priests
  25 jiangshi
  2 shambling mangroves
  A quicksilver dragon zombie (D:15)
  12 yaktaur captains
  Harold (D:10)
  14 fire dragons
  2 entropy weavers (shapeshifter)
  A spectral spriggan (Crypt:3)
  10 great orbs of eyes
  A quicksilver dragon skeleton (Crypt:2)
  2 ice dragons
  11 alligators
  A salamander tyrant (Snake:4)
  20 hydras
  3 rakshasas (Depths:2)
  4 peacekeepers
  2 spriggan skeletons (Crypt:1)
  2 demonspawn (Orc:2)
  2 ogre magi
  3 centaur warriors
  12 ironbound frosthearts
  A fenstrider witch skeleton (Crypt:1)
  2 catoblepae
  A caustic shrike simulacrum (Crypt:1)
  A hell beast (Depths:1)
  2 spriggan air magi
  10 anacondas
  3 boulder beetles
  25 dancing weapons
  7 death knights
  28 vault guards
  9 two-headed ogres
  5 deep troll shamans
  A hell hog (Depths:1)
  4 tengu warriors
  14 naga warriors
  6 vampire magi
  9 death yaks
  12 naga sharpshooters
  3 orc high priests (Orc:2)
  8 hell knights
  4 thrashing horrors (Lair:5)
  5 deep troll earth magi
  2 occultists
  Urug (D:11)
  10 spriggan berserkers
  15 deep elf knights
  7 shock serpents
  Sonja (D:11)
  7 soul eaters
  2 sun demons
  A wretched star (Gauntlet)
  A storm dragon zombie (D:15)
  2 salamander mystics
  2 skysharks
  7 iron trolls
  A fire crab (shapeshifter) (Elf:1)
  A sixfirhy (Depths:2)
  9 shadow wraiths
  A golden dragon zombie (Crypt:2)
  Lodul (D:11)
  58 skeletal warriors
  2 goliath frogs
  7 flayed ghosts
  2 spark wasp zombies
  A spatial maelstrom (Abyss:2)
  50 deep trolls
  A storm dragon skeleton (Crypt:1)
  4 sea snakes (Snake:1)
  13 lindwurms
  14 swamp dragons
  A swamp dragon (shapeshifter) (Vaults:2)
  3 bog bodies
  4 arcanists
  An orange crystal statue (IceCv)
  5 spriggan druids
  3 harpies (Vaults:2)
  A tengu zombie (Crypt:1)
  5 glowing orange brains
  7 naga ritualists
  A harpy (shapeshifter) (D:15)
  15 deep elf archers
  7 mana vipers
  11 phantasmal warriors
  8 deep elf zephyrmancers
  8 orc knights
  14 ironbound convokers
  6 necromancers
  Pikel (D:7)
  3 shining eyes
  4 will-o-the-wisps
  24 deep elf pyromancers
  A wolf spider (D:13)
  10 orc sorcerers
  6 cyclopes
  A manticore (shapeshifter) (Vaults:5)
  31 ugly things
  5 large abominations
  8 salamanders
  A salamander (shapeshifter) (Depths:3)
  A jorogumo skeleton (Crypt:2)
  4 manticores
  A centaur zombie (Crypt:3)
  An iron dragon skeleton (Crypt:2)
  6 moths of wrath
  36 black mambas
  22 naga magi
  5 elephants
  4 guardian serpents
  2 rust devils (Orc:2)
  2 eyes of devastation
  20 vault sentinels
  An orange demon (Abyss:2)
  8 smoke demons
  2 ice statues (Elf:2)
  An alligator snapping turtle zombie (Crypt:1)
  2 gargoyles (Gauntlet)
  Maggie (Lair:1)
  17 cane toads
  Jeremiah (D:8)
  A yaktaur (shapeshifter) (Elf:3)
  8 komodo dragons
  27 yaktaurs
  An orb spider zombie (Crypt:2)
  18 rime drakes
  A tormentor (Depths:2)
  4 efreet
  9 freezing wraiths
  A komodo dragon (shapeshifter) (Lair:5)
  An iron troll zombie (Crypt:1)
  A red devil (Orc:2)
  7 guardian mummies (Crypt:3)
  A pale draconian skeleton (Crypt:2)
  A sea snake skeleton (Crypt:1)
  6 tyrant leeches
  A meliai (shapeshifter) (D:8)
  20 polar bears (IceCv)
  Prince Ribbit (D:9)
  8 trolls
  2 glass eyes
  7 blink frogs (Lair:5)
  Grinder (D:5)
  A radroach zombie (Crypt:1)
  9 hornets
  A tyrant leech (shapeshifter) (Vaults:5)
  4 raiju
  Sigmund (D:3)
  124 slime creatures
  A centaur simulacrum (D:12)
  A spriggan (shapeshifter) (Elf:1)
  52 flying skulls
  5 air elementals
  17 wraiths
  7 spriggans
  A jumping spider (shapeshifter) (Lair:5)
  A shadow (Crypt:3)
  3 vampires
  3 ynoxinuls
  2 water elementals
  3 ettin skeletons (Crypt:1)
  3 wyverns
  Grum (D:10)
  4 fire elementals
  7 basilisks
  2 hogs (Snake:1)
  A neqoxec (Abyss:2)
  53 yaks
  2 chaos spawn (Lair:5)
  Eustachio (D:4)
  4 golden eyes
  2 fire bats (Depths:1)
  4 redbacks
  3 steam dragons
  A spatial vortex (Abyss:2)
  Menkaure (D:4)
  9 vampire mosquitoes
  2 wargs (Orc:2)
  52 nagas
  15 swamp worms
  Edmund (D:4)
  15 water moccasins
  6 swamp drakes
  An acid dragon (D:6)
  An ice beast (D:6)
  19 small abominations
  51 orc warriors
  A two-headed ogre skeleton (Crypt:1)
  15 ogres
  A black bear (D:5)
  11 centaurs
  8 wolves
  A lemure (D:7)
  A phantom (D:5)
  A hog skeleton (Crypt:1)
  3 gnoll sergeants
  7 kobold brigands (Abyss:2)
  A wyvern zombie (Crypt:1)
  6 necrophages
  13 bullfrogs
  An earth elemental (Elf:1)
  A scorpion (D:4)
  9 wights
  A cyclops skeleton (Crypt:1)
  9 killer bees
  A howler monkey (D:12)
  4 electric eels
  A shapeshifter skeleton (Crypt:2)
  A crimson imp (Abyss:2)
  A quasit (Abyss:2)
  4 jellies
  3 gnoll boudas
  21 orc priests
  A hound (D:5)
  2 iguanas (D:7)
  An iron imp (Abyss:2)
  A sleepcap (D:7)
  Ijyb (D:5)
  18 orc wizards
  5 hell rats
  26 gnolls
  12 adders
  A steam dragon zombie (Crypt:2)
  3 white imps
  3 dart slugs
  A worm (D:2)
  80 orcs
  4 endoplasms
  7 giant cockroaches
  A gnoll zombie (Crypt:2)
  3 goblins
  9 hobgoblins
  11 jackals
  5 kobolds
  3 quokkas
  2 training dummies (Elf:1)
  6 ball pythons
  5 bats
  A frilled lizard (D:1)
  7 rats
2191 creatures vanquished.

Vanquished Creatures (collateral kills)
  A dread lich (Zot:5)
  2 golden dragons (Zot:5)
  9 Orb Guardians (Zot:5)
  3 tentacled monstrosities (Zot:5)
  A quicksilver dragon (Zot:5)
  An acid blob (Zot:3)
  A storm dragon (Zot:5)
  2 shadow dragons (Zot:5)
  A rockslime (Slime:5)
  2 ghost moths (Zot:5)
  A demonspawn corrupter (Zot:3)
  2 quicksilver oozes (Slime:5)
  A yellow draconian (Zot:2)
  2 moths of wrath
  A slime creature (Slime:5)
  An orc warrior (Bailey)
  2 centaurs (Bailey)
  4 jellies (Zot:2)
  3 orcs (Bailey)
40 creatures vanquished.

Vanquished Creatures (others)
  A dread lich (Zot:5)
  An orb of fire (Zot:5)
  2 Killer Klowns (Zot:5)
  A golden dragon (Zot:5)
  2 electric golems (Zot:5)
  12 Orb Guardians (Zot:5)
  A quicksilver dragon (Zot:1)
  A storm dragon (Zot:5)
  A draconian monk (Zot:2)
  A demonspawn warmonger (Zot:3)
  A fire giant (Depths:3)
  A draconian scorcher (Zot:5)
  A draconian knight (Zot:2)
  A draconian shifter (Zot:5)
  2 draconian annihilators (Zot:5)
  A ghost moth (Zot:5)
  2 yellow draconians (Zot:5)
  A white draconian (Zot:5)
  A spriggan berserker (Depths:1)
  An orange crystal statue (Zot:5)
  A naga ritualist (Snake:4)
  2 swamp dragons (Swamp:4)
  An obsidian statue (Zot:5)
  2 deep elf pyromancers (Elf:3)
  4 moths of wrath (Zot:5)
  An unseen horror (Abyss:2)
  2 bloated husks
  A tyrant leech (Swamp:1)
  A troll (Orc:2)
  2 humans (Snake:1)
  A neqoxec (Depths:2)
  A naga (Snake:4)
  A centaur (Bailey)
  A kobold brigand (Abyss:2)
  2 electric eels (Snake:1)
  An orc (Orc:2)
  A jackal (D:1)
  A training dummy (Elf:1)
  24 foxfires
85 creatures vanquished.

Grand Total: 2316 creatures vanquished

Notes
Turn   | Place    | Note
-------+----------+-------------------------------------------
     0 | D:1      | tsouns the Merfolk Artificer began the quest for the Orb.
     0 | D:1      | Reached XP level 1. HP: 15/15 MP: 1/1
     1 | D:1      | Found a runed translucent door.
   115 | D:1      | Reached XP level 2. HP: 14/23 MP: 2/2
   321 | D:1      | Reached XP level 3. HP: 26/29 MP: 3/3
  1037 | D:2      | Found a stormy altar of Qazlal.
  1076 | D:2      | Reached XP level 4. HP: 18/37 MP: 4/4
  2015 | D:3      | Noticed Sigmund
  2021 | D:3      | Killed Sigmund
  2022 | D:3      | Reached XP level 5. HP: 47/47 MP: 5/5
  2022 | D:3      | Reached XP level 6. HP: 53/53 MP: 6/6
  2374 | D:3      | Found a transporter.
  2391 | D:3      | Found a transporter.
  2412 | D:3      | Noticed Arcadio's ghost (amateur GnHu)
  2679 | D:3      | Found the +8 trident of the Octopus King {venom, rElec
                  | rPois}
  2721 | D:3      | Found a one-way gate to the infinite horrors of the Abyss.
  2815 | D:4      | Reached skill level 1 in Polearms
  2905 | D:4      | Found an ornate altar of the Wu Jian Council.
  2939 | D:4      | Found Dyrghomoo's Jewellery Emporium.
  3014 | D:4      | Found a staircase to the Ecumenical Temple.
  3021 | Temple   | Entered the Ecumenical Temple
  3028 | Temple   | Became a worshipper of Gozag Ym Sagoz the Greedy
  3151 | D:4      | Found a snail-covered altar of Cheibriados.
  3574 | D:5      | Entered Level 5 of the Dungeon
  3574 | D:5      | Noticed Eustachio
  3574 | D:5      | Noticed Menkaure
  3581 | D:4      | Killed Menkaure
  3582 | D:4      | Reached XP level 7. HP: 54/60 MP: 7/7
  3601 | D:5      | Noticed Edmund
  3609 | D:4      | Killed Eustachio
  3616 | D:4      | Killed Edmund
  3617 | D:4      | Reached skill level 5 in Polearms
  3773 | D:5      | Noticed Grinder
  3781 | D:5      | Killed Grinder
  3782 | D:5      | Reached XP level 8. HP: 30/68 MP: 8/8
  4183 | D:5      | Noticed Ijyb
  4188 | D:5      | Killed Ijyb
  5063 | D:6      | Reached XP level 9. HP: 71/76 MP: 9/9
  5081 | D:6      | Learned a level 2 spell: Ensorcelled Hibernation
  5085 | D:6      | Learned a level 3 spell: Mephitic Cloud
  5089 | D:6      | Learned a level 3 spell: Dazzling Flash
  5187 | D:6      | Reached skill level 10 in Polearms
  5191 | D:6      | Reached skill level 1 in Spellcasting
  5191 | D:6      | Reached skill level 1 in Hexes
  5298 | D:6      | Found Jacraemp's Antique Armour Shop.
  5310 | D:6      | Bought a glowing leather armour for 125 gold pieces
  5966 | D:7      | Found Uwaqiz's Weapon Shop.
  6082 | D:7      | Identified the amulet of Najiasha {Spirit +Inv Slay+5}
  6282 | D:7      | Found a flagged portal.
  6297 | Bailey   | Entered a bailey
  6815 | Bailey   | Reached XP level 10. HP: 84/85 MP: 14/14
  6829 | Bailey   | Reached skill level 10 in Fighting
  7383 | D:7      | Noticed Pikel
  7395 | D:7      | Killed Pikel
  7683 | D:4      | Bought the ring "Qasiduhek" {rElec rF+ Str+6 Dex+3} for 822
                  | gold pieces
  7793 | D:8      | Noticed Jeremiah
  7939 | D:8      | Found the +9 staff of Olgreb {rPois∞}
  7941 | D:8      | Killed Jeremiah
  7947 | D:8      | a spriggan changed into a cane toad
  7947 | D:8      | Noticed a cane toad (shapeshifter)
  8129 | D:8      | Reached skill level 5 in Hexes
  8141 | D:8      | Noticed a deep elf pyromancer
  8145 | D:8      | Killed a deep elf pyromancer
  8146 | D:8      | Reached XP level 11. HP: 85/92 MP: 16/18
  8232 | D:8      | Noticed a boulder beetle
  8246 | D:8      | Killed a boulder beetle
  8247 | D:8      | Reached skill level 5 in Spellcasting
  8298 | D:8      | Noticed a cyclops
  8309 | D:8      | Killed a cyclops
  8505 | D:8      | Found the +8 demon trident "Rift" {distort, reach+}
  8513 | D:8      | Noticed a green ugly thing
  8527 | D:8      | Killed a green ugly thing
  8652 | D:8      | Identified the staff "Ruigyc" {rC++ Str-5 Earth}
  8764 | D:8      | Noticed a deep elf pyromancer
  8768 | D:8      | Killed a deep elf pyromancer
  8787 | D:8      | Reached skill level 1 in Armour
  9045 | D:9      | Noticed a cyan ugly thing
  9047 | D:9      | Noticed a four-headed hydra
  9054 | D:9      | Killed a cyan ugly thing
  9055 | D:9      | Reached skill level 2 in Stealth
  9055 | D:9      | Reached skill level 1 in Conjurations
  9068 | D:9      | Killed a four-headed hydra
  9217 | D:9      | Found an ancient bone altar of Kikubaaqudgha.
  9549 | D:9      | Noticed a two-headed ogre
  9555 | D:9      | Killed a two-headed ogre
  9556 | D:9      | Reached skill level 1 in Poison Magic
  9581 | D:9      | Noticed Prince Ribbit
  9589 | D:9      | Killed Prince Ribbit
  9590 | D:9      | Reached skill level 1 in Ice Magic
 10037 | D:10     | Entered Level 10 of the Dungeon
 10058 | D:10     | Noticed Grum
 10067 | D:10     | Killed Grum
 10072 | D:10     | Reached skill level 3 in Stealth
 10082 | D:10     | Reached skill level 1 in Air Magic
 10210 | D:10     | Noticed Harold
 10225 | D:10     | Killed Harold
 10226 | D:10     | Reached XP level 12. HP: 93/100 MP: 19/21
 10356 | D:10     | Found Ofilus Pyne's Armour Shop.
 10436 | D:10     | Bought the scarf of Tenacity {+Inv, Int+3 Stlth+} for 339
                  | gold pieces
 10436 | D:10     | Bought a +1 pair of boots of stealth for 214 gold pieces
 10507 | D:10     | Found a staircase to the Lair.
 10567 | D:10     | Found a broken altar of Ashenzari.
 10570 | D:10     | Found an iron altar of Okawaru.
 10572 | D:10     | Found a sacrificial altar of Ru.
 10678 | D:10     | Found a glowing golden altar of the Shining One.
 10714 | D:12     | Identified the "Kuotyqasch"
 10714 | Gauntlet | Identified the of Xiuwon
 10714 | Lair:1   | Entered Level 1 of the Lair of Beasts
 10718 | Lair:1   | Noticed Maggie
 10730 | Lair:1   | Killed Maggie
 10736 | Lair:1   | Reached skill level 5 in Dodging
 10797 | Lair:1   | Reached skill level 4 in Stealth
 10853 | Lair:1   | Reached skill level 1 in Shields
 11263 | Lair:1   | Noticed Gastronok
 11275 | Lair:1   | Killed Gastronok
 11588 | Lair:2   | Noticed a seven-headed hydra
 11595 | Lair:2   | Killed a seven-headed hydra
 11596 | Lair:2   | Reached skill level 5 in Stealth
 12228 | Lair:2   | Found a staircase to the Snake Pit.
 12977 | Lair:3   | Reached XP level 13. HP: 109/109 MP: 23/23
 13113 | Lair:3   | Reached skill level 6 in Stealth
 13137 | Lair:3   | Found a snail-covered altar of Cheibriados.
 13409 | Lair:3   | Found a staircase to the Swamp.
 13662 | Lair:4   | Found a staircase to the Slime Pits.
 13682 | Lair:4   | Found a viscous altar of Jiyva.
 14776 | Lair:5   | Entered Level 5 of the Lair of Beasts
 14807 | Lair:4   | Reached skill level 7 in Stealth
 15256 | Lair:5   | Reached skill level 5 in Evocations
 15272 | Lair:5   | Reached skill level 5 in Shields
 15294 | Lair:5   | Reached XP level 14. HP: 89/118 MP: 19/26
 15436 | Lair:5   | Reached skill level 5 in Armour
 16055 | Lair:5   | Reached skill level 8 in Stealth
 16459 | Lair:5   | Reached skill level 15 in Polearms
 16511 | Lair:5   | Found a corrupted altar of Lugonu.
 16528 | Lair:5   | Learned a level 2 spell: Jinxbite
 16533 | Lair:5   | Learned a level 4 spell: Anguish
 17300 | D:11     | Identified the +6 rapier of the Disturbing Places {freeze,
                  | *Slow rElec rF- rCorr}
 17315 | D:11     | Noticed Sonja
 17321 | D:11     | Killed Sonja
 17362 | D:11     | Found Vatieluh's Armour Boutique.
 17362 | D:11     | Noticed Urug
 17369 | D:11     | Killed Urug
 17413 | D:11     | Reached skill level 10 in Dodging
 17662 | D:11     | Noticed Lodul
 17669 | D:11     | Killed Lodul
 17670 | D:11     | Reached skill level 1 in Necromancy
 18334 | D:11     | Reached skill level 9 in Stealth
 18599 | D:12     | Reached XP level 15. HP: 101/125 MP: 24/27
 18837 | D:12     | Identified the +1 robe of Valiance {SInv Stlth+}
 19011 | D:12     | Found the amulet of Vitality {RegenMP++ Regen++}
 19547 | D:12     | Identified the +2 broad axe "Dymoicwe" {heavy, rElec Will+
                  | Int+3 Stlth+}
 19628 | D:12     | Found a staircase to the Orcish Mines.
 19640 | D:12     | Learned a level 2 spell: Passwall
 19657 | Orc:1    | Entered Level 1 of the Orcish Mines
 19690 | Orc:1    | Noticed an orc warlord
 19690 | Orc:1    | Paralysed by an orc sorcerer for 5 turns
 19705 | Orc:1    | Reached skill level 1 in Transmutations
 19717 | Orc:1    | Killed an orc warlord
 20147 | Orc:2    | Identified the "Beap Moum"
 20147 | Orc:2    | Entered Level 2 of the Orcish Mines
 20147 | Orc:2    | Noticed Josephine
 20159 | Orc:2    | Reached skill level 1 in Earth Magic
 20168 | Orc:2    | Killed Josephine
 20169 | Orc:2    | Noticed Snorg
 20184 | Orc:2    | Killed Snorg
 20320 | Orc:2    | Found Ympufel's General Store.
 20404 | Orc:2    | Found Zukegyr's Distillery.
 20609 | Orc:2    | Bought a potion of heal wounds for 55 gold pieces
 20609 | Orc:2    | Bought a potion of heal wounds for 55 gold pieces
 20609 | Orc:2    | Bought a potion of curing for 33 gold pieces
 20609 | Orc:2    | Bought a potion of haste for 110 gold pieces
 20609 | Orc:2    | Bought a potion of haste for 110 gold pieces
 20648 | Orc:2    | Reached skill level 10 in Stealth
 20847 | Orc:2    | Found a radiant altar of Vehumet.
 20905 | Orc:2    | Found Efeyskav's General Store.
 21105 | Orc:2    | Found Zycoytse's Assorted Antiques.
 21165 | Orc:2    | Found Ofu Dei's Magic Scroll Shoppe.
 21169 | Orc:2    | Found a staircase to the Elven Halls.
 21170 | Orc:2    | Noticed Saint Roka
 21252 | Orc:2    | Killed Saint Roka
 21425 | Orc:2    | Found Soliutov's Jewellery Shoppe.
 21425 | Orc:2    | Found Joazi's Antique Armour Emporium.
 21426 | Orc:2    | Found a one-way gate leading to the halls of Pandemonium.
 21430 | Orc:2    | Bought a runed hat for 182 gold pieces
 21443 | Orc:2    | Bought steaming fire dragon scales for 1690 gold pieces
 21443 | Orc:2    | Identified the +8 fire dragon scales "Duziacu" {Contam
                  | Rampage rF++ rC- Will+++ Slay-5} (You bought it in a shop
                  | on level 2 of the Orcish Mines)
 21584 | Orc:2    | Found a shimmering blue altar of Sif Muna.
 21688 | Orc:2    | Found Koxaop's Magic Scroll Shop.
 21691 | Orc:2    | Bought 2 scrolls of enchant armour for 210 gold pieces
 21740 | Orc:2    | Found Bomyro's Armour Emporium.
 21866 | D:13     | Found a gate leading to a gauntlet.
 21873 | Gauntlet | Entered a Gauntlet
 21873 | Gauntlet | Found a transporter.
 21885 | Gauntlet | Found a transporter.
 21898 | Gauntlet | Found a transporter.
 21903 | Gauntlet | Found a transporter.
 21923 | Gauntlet | Found a transporter.
 21937 | Gauntlet | Found a transporter.
 21949 | Gauntlet | Found a transporter.
 21961 | Gauntlet | Found a transporter.
 21976 | Gauntlet | Found a transporter.
 21985 | Gauntlet | Found a transporter.
 22002 | Gauntlet | Found a transporter.
 22020 | Gauntlet | Found a transporter.
 22022 | Gauntlet | Found a transporter.
 22048 | Gauntlet | Found a transporter.
 22050 | Gauntlet | Found a transporter.
 22070 | Gauntlet | Found a transporter.
 22107 | Gauntlet | Found a transporter.
 22108 | Gauntlet | Found a transporter.
 22232 | Gauntlet | Identified the ring "Kefim" {rF+ rC+ Dex+2 Slay+2}
 22498 | D:13     | Reached XP level 16. HP: 91/134 MP: 28/28
 22583 | D:13     | Found Zuegogu's Assorted Antiques.
 23085 | D:14     | Identified the ring "Gopsio" {Fly rF+}
 23107 | D:14     | Found a snail-covered altar of Cheibriados.
 23332 | D:14     | Noticed Roxanne
 23504 | D:14     | Killed Roxanne
 23838 | D:14     | Found a gate to the Vaults.
 23884 | D:14     | Noticed Jorgrun
 23907 | D:14     | Killed Jorgrun
 24091 | D:15     | Entered Level 15 of the Dungeon
 24100 | D:15     | Found Luigadwi's Jewellery Boutique.
 24116 | D:15     | Found Epuup's Antique Weapon Shop.
 24125 | D:15     | Bought a masterwork war axe for 195 gold pieces
 24125 | D:15     | Identified the +4 war axe of War {flame, *Slow Str+3 Int+3}
                  | (You bought it in a shop on level 15 of the Dungeon)
 24128 | D:15     | Bought a scorched flail for 195 gold pieces
 24128 | D:15     | Identified the +6 flail of Past Mistakes {drain, rF+} (You
                  | bought it in a shop on level 15 of the Dungeon)
 24262 | D:15     | Reached skill level 11 in Stealth
 24294 | D:15     | Paralysed by an ogre mage for 3 turns
 24418 | D:15     | Reached skill level 15 in Fighting
 24514 | D:15     | Found a staircase to the Depths.
 24708 | D:15     | Found Bacsomm's Antique Weapon Emporium.
 24829 | D:15     | Found Qufaq's Antique Weapon Shop.
 25387 | Swamp:1  | Entered Level 1 of the Swamp
 25968 | Swamp:2  | Noticed a fenstrider witch
 25976 | Swamp:2  | Killed a fenstrider witch
 26040 | Swamp:2  | Noticed a thorn hunter
 26075 | Swamp:2  | Killed a thorn hunter
 26076 | Swamp:2  | Reached XP level 17. HP: 125/142 MP: 29/29
 26323 | Swamp:2  | Reached skill level 12 in Stealth
 26354 | Swamp:2  | Paralysed by a hornet for 1 turns
 26443 | Swamp:2  | Identified the +2 plate armour of Fortitude {+Blink rPois
                  | Regen+}
 26635 | Swamp:3  | Noticed Donald
 26759 | Swamp:2  | Killed Donald
 26837 | Swamp:3  | Identified the +2 leather armour of Kaumn {rCorr}
 27370 | Swamp:4  | Entered Level 4 of the Swamp
 27602 | Swamp:4  | Identified the +0 dagger "Puison" {freeze, rElec rPois
                  | rCorr Dex+4}
 27755 | Swamp:4  | Noticed the 27-headed Lernaean hydra
 27852 | Swamp:4  | Killed the 27-headed Lernaean hydra
 27853 | Swamp:4  | Reached skill level 10 in Evocations
 28135 | Swamp:4  | Got a decaying rune of Zot
 28561 | Snake:1  | Entered Level 1 of the Snake Pit
 28746 | Snake:1  | Noticed Kirke
 28770 | Snake:1  | Killed Kirke
 29263 | Snake:1  | Identified the serpent talisman of Ashenzari's Hope {Fly
                  | rN+}
 29263 | Snake:1  | Noticed Aizul
 29299 | Snake:1  | Killed Aizul
 29482 | Snake:2  | Reached XP level 18. HP: 151/151 MP: 30/30
 29719 | Snake:2  | Found Edinwularo's Armour Shoppe.
 29722 | Snake:2  | Found Ynle's Book Shoppe.
 29722 | Snake:2  | Found Cunia's Armour Emporium.
 29725 | Snake:2  | Found Utwag's Assorted Antiques.
 29734 | Snake:2  | Bought a lightning rod (4/4) for 1000 gold pieces
 30034 | Snake:2  | Identified the +0 halberd of the Known World {venom, Str+3
                  | Int+4 Dex-2}
 30370 | Snake:3  | Noticed Vashnia
 30393 | Snake:3  | Killed Vashnia
 30526 | Snake:3  | Reached skill level 15 in Dodging
 30558 | Snake:3  | Upgraded the game from 0.31-a0-963-ga325b2283a to
                  | 0.31-a0-965-g8a8ce12e04
 30722 | Snake:3  | Noticed Mlioglotl
 30740 | Snake:3  | Gained mutation: Your spells are a little easier to cast,
                  | but a little less powerful. [a neqoxec]
 30755 | Snake:3  | Gained mutation: You are dopey. (Int -2) [a neqoxec]
 30756 | Snake:3  | Killed Mlioglotl
 31617 | Snake:4  | Entered Level 4 of the Snake Pit
 31788 | Snake:4  | Lost mutation: You are dopey. (Int -2) [potion of mutation]
 31788 | Snake:4  | Lost mutation: Your spells are a little easier to cast, but
                  | a little less powerful. [potion of mutation]
 31788 | Snake:4  | Gained mutation: Your flesh is heat resistant. (rF+)
                  | [potion of mutation]
 31788 | Snake:4  | Gained mutation: You passively map a small area around you.
                  | [potion of mutation]
 31788 | Snake:4  | Gained mutation: You are agile. (Dex +4, Str/Int -1)
                  | [potion of mutation]
 32277 | Snake:4  | Noticed Agnes
 32281 | Snake:4  | Killed Agnes
 32524 | Snake:4  | Identified the +8 rapier "Giantslayer" {freeze, +Blink
                  | Str+3}
 32584 | Snake:4  | Reached skill level 10 in Spellcasting
 32731 | Snake:4  | Reached XP level 19. HP: 137/161 MP: 33/33
 33193 | Snake:4  | Got a serpentine rune of Zot
 33672 | Orc:2    | Learned a level 2 spell: Blink
 33713 | Desolati | Identified the "Ojenteen"
 33713 | Desolati | Identified the "Eranim"
 33713 | Vaults:5 | Identified the "Hiuc"
 33713 | Vaults:5 | Identified the "Eneuwnea"
 33713 | Vaults:5 | Identified the "Apifoxka"
 33713 | Vaults:5 | Identified the "Namaw"
 33713 | Elf:1    | Entered Level 1 of the Elven Halls
 33713 | Elf:1    | Noticed Norris
 33785 | Elf:1    | Killed Norris
 33923 | Elf:1    | Found Xiod Sad's Distillery.
 33931 | Elf:1    | Bought a potion of curing for 33 gold pieces
 33931 | Elf:1    | Bought a potion of haste for 110 gold pieces
 33931 | Elf:1    | Bought a potion of heal wounds for 55 gold pieces
 34018 | Elf:1    | Found Suegg's Magic Scroll Emporium.
 34024 | Elf:1    | Bought a scroll of acquirement for 728 gold pieces
 34024 | Elf:1    | Bought a scroll of blinking for 105 gold pieces
 34024 | Elf:1    | Bought a scroll of enchant weapon for 105 gold pieces
 34025 | Elf:1    | Acquired 532 gold pieces
 35039 | Elf:2    | Identified the +1 shortbow "Dragonbane" {flame, *Corrode
                  | rElec rN+ MP+9}
 35118 | Elf:2    | Found a runed translucent gate.
 35119 | Elf:2    | Found a runed translucent gate.
 35119 | Elf:2    | Found a runed translucent gate.
 35146 | Elf:2    | Found a frozen archway.
 35169 | IceCv    | Entered an ice cave
 35773 | IceCv    | Noticed a shard shrike
 35813 | IceCv    | Killed a shard shrike
 35836 | IceCv    | Identified the ring "Cithrarys" {rC+ Will+}
 36231 | Elf:2    | Reached XP level 20. HP: 171/171 MP: 35/35
 36616 | Elf:3    | Identified the "Tyasutemuu"
 36616 | Elf:3    | Entered Level 3 of the Elven Halls
 36732 | Elf:3    | Paralysed by an air elemental for 1 turns
 36880 | Elf:3    | Noticed a Tzitzimitl
 36888 | Elf:3    | Noticed a Tzitzimitl
 37661 | Elf:3    | Reached skill level 10 in Shields
 37666 | Elf:3    | Identified the +3 fire dragon scales "Ijenk" {rPois rF++
                  | rC- Will+}
 37668 | Elf:3    | Identified the ring of Fijemnuomi {rN+ Will- Dex+6 Slay+3}
 37760 | Elf:3    | Noticed a Brimstone Fiend
 37765 | Elf:3    | Noticed a Tzitzimitl
 37831 | Abyss:2  | Cast into level 2 of the Abyss (a deep elf demonologist)
 37855 | Abyss:2  | Found a corrupted altar of Lugonu.
 38022 | Abyss:2  | Reached skill level 13 in Stealth
 38060 | Abyss:2  | Found a corrupted altar of Lugonu.
 38173 | Elf:3    | Escaped the Abyss
 38174 | Elf:3    | Noticed a Brimstone Fiend
 38354 | Elf:3    | Reached skill level 14 in Stealth
 38567 | Elf:3    | Identified the +0 pair of gloves of Insecurity {Rampage}
 38571 | Elf:3    | Identified the staff of the Crypt {Fly rN+ Will+ Dex+3
                  | Earth}
 38573 | Elf:3    | Identified the +0 chain mail of Xuozigg {Harm rF- Dex+4}
 38911 | Vaults:1 | Entered Level 1 of the Vaults
 39069 | Vaults:1 | Found Duorinig's Weapon Shoppe.
 39112 | Vaults:1 | Reached skill level 15 in Stealth
 39399 | Vaults:1 | Reached skill level 16 in Stealth
 39414 | Vaults:1 | Reached XP level 21. HP: 142/179 MP: 36/36
 40696 | Vaults:2 | Reached skill level 17 in Stealth
 41026 | Vaults:2 | Identified the +4 trident "Ogreslayer" {freeze, Dex+7}
 41677 | Vaults:2 | Noticed Jory
 42280 | Vaults:3 | Identified the +1 morningstar "Lineuz" {heavy, rF+ rC+
                  | rCorr Int-3}
 43038 | Vaults:3 | Found a staircase to the Crypt.
 43044 | Vaults:3 | Reached XP level 22. HP: 168/188 MP: 38/38
 43260 | Vaults:4 | Found a flickering gateway to a bazaar.
 43264 | Bazaar   | Entered a bazaar
 43264 | Bazaar   | Found Kieruwu's Weapon Shoppe.
 43264 | Bazaar   | Found Ygokhlew's Distillery.
 43349 | Bazaar   | Found Riepeuz's Antique Weapon Shoppe.
 43365 | Bazaar   | Found Fiphywu's Armour Emporium.
 43369 | Bazaar   | Bought a potion of heal wounds for 50 gold pieces
 43369 | Bazaar   | Bought a potion of curing for 30 gold pieces
 43369 | Bazaar   | Bought a potion of curing for 30 gold pieces
 43373 | Bazaar   | Bought a +0 pair of gloves of infusion for 138 gold pieces
 43395 | Bazaar   | Bought a potion of invisibility for 80 gold pieces
 43395 | Bazaar   | Bought a potion of might for 40 gold pieces
 43577 | Vaults:4 | Noticed Mara
 43585 | Vaults:4 | Noticed tsouns's illusion
 43697 | Vaults:4 | Killed Mara
 44252 | Vaults:4 | Found Xanunub's Armour Shop.
 44450 | Vaults:5 | Entered Level 5 of the Vaults
 44499 | Vaults:5 | Reached skill level 18 in Stealth
 44529 | Vaults:5 | Noticed a golden dragon
 44536 | Vaults:5 | Identified the +0 leather armour "Hezovod" {rElec rF+ Int+2
                  | Dex-3}
 44554 | Vaults:5 | Noticed a golden dragon
 44563 | Vaults:5 | Killed a golden dragon
 44579 | Vaults:5 | Killed a golden dragon
 44604 | Vaults:5 | Reached XP level 23. HP: 92/196 MP: 22/39
 44900 | Vaults:5 | Got a silver rune of Zot
 45203 | Vaults:5 | Identified the +1 robe "Alubruta" {Fly}
 45442 | Vaults:5 | Identified the +0 ring mail of Noomeum {rF+ Str+3 Dex+3}
 45630 | Vaults:5 | Noticed an ancient lich
 45650 | Vaults:5 | Killed an ancient lich
 45905 | Vaults:5 | Identified the +8 quarterstaff of Watchfulness {heavy,
                  | Contam rN+ Will+}
 45916 | Vaults:5 | Identified the +7 glaive of Invincibility {pain, rC+}
 45916 | Vaults:5 | Identified the ring of Lust {rPois rC+ MP-9 Str+4}
 45930 | Vaults:5 | Reached skill level 15 in Evocations
 46005 | Vaults:5 | Identified the staff of Disaster {rPois rF- Str+3 Int+3
                  | Stlth+ Poison}
 46006 | Vaults:5 | Identified the staff of Understanding {rPois Dex+3 Poison}
 46065 | Vaults:5 | Identified the ring "Uqofam" {Fire rElec Str+3 Dex+4
                  | Stlth-}
 46406 | D:14     | Upgraded the game from 0.31-a0-965-g8a8ce12e04 to
                  | 0.31-a0-968-g24f9ace8b5
 46471 | Depths:1 | Entered Level 1 of the Depths
 46473 | Depths:1 | Found Roeckyp's Weapon Shop.
 46505 | Depths:1 | Found a gateway to Hell.
 46867 | Depths:1 | Found a one-way gateway to a ziggurat.
 46906 | Depths:1 | You fall into a shaft and drop 1 floor!
 47248 | Depths:2 | Found a runed translucent gate.
 47249 | Depths:2 | Found a runed translucent gate.
 47250 | Depths:2 | Found a runed translucent gate.
 47252 | Depths:2 | Noticed Ybboohyv's ghost (adept HOMo)
 47252 | Depths:2 | Noticed a caustic shrike
 47718 | Depths:1 | Reached skill level 19 in Stealth
 48010 | Depths:1 | Found Vosab's Jewellery Emporium.
 48010 | Depths:1 | Found Pujadut's Book Boutique.
 48011 | Depths:1 | Found Ostenwai's Book Boutique.
 48021 | Depths:1 | Bought a manual of Armour for 1760 gold pieces
 48025 | Depths:1 | Bought a manual of Stealth for 1840 gold pieces
 48117 | Depths:1 | Reached XP level 24. HP: 175/206 MP: 38/40
 48125 | Depths:1 | Found a bloodstained altar of Trog.
 48346 | Depths:2 | Found a corrupted altar of Lugonu.
 48666 | Depths:3 | Found a runed translucent door.
 48666 | Depths:3 | Noticed Guam's ghost (adept HOMo)
 49362 | Depths:3 | Killed Guam's ghost
 49406 | Depths:4 | Entered Level 4 of the Depths
 49687 | Depths:4 | Found Juasusch's Jewellery Boutique.
 49798 | Depths:4 | Acquired a manual of Armour
 50102 | Depths:4 | Reached skill level 20 in Stealth
 50557 | Depths:4 | Found a gate to the Realm of Zot.
 50635 | Depths:4 | Reached skill level 21 in Stealth
 51180 | Crypt:1  | Entered Level 1 of the Crypt
 51742 | Crypt:1  | Found a runed translucent gate.
 51742 | Crypt:1  | Found a runed translucent gate.
 51746 | Crypt:1  | Noticed Laziaso's ghost (adept GrFi)
 51779 | Crypt:1  | Found a runed translucent gate.
 51926 | Crypt:1  | Reached skill level 22 in Stealth
 51930 | Crypt:1  | Reached skill level 10 in Armour
 52459 | Crypt:1  | Killed Laziaso's ghost
 52592 | Crypt:1  | Learned a level 7 spell: Enfeeble
 52620 | Crypt:2  | Reached XP level 25. HP: 174/184 MP: 38/40
 53592 | Crypt:2  | Reached skill level 23 in Stealth
 53842 | Crypt:3  | Entered Level 3 of the Crypt
 54070 | Crypt:3  | Found a basalt altar of Yredelemnul.
 54314 | Crypt:3  | Identified the ring "Zaixkoana" {Wiz *Slow rF+++ Int+8
                  | Dex-5}
 54700 | Crypt:3  | Found a staircase to the Tomb.
 54700 | Crypt:3  | Noticed Khufu
 54735 | Crypt:3  | Killed Khufu
 54785 | Crypt:3  | Identified the orb of Weightlessness {*channel, rF+ Str+3
                  | Int+3}
 55075 | Crypt:3  | Noticed Sojobo
 55096 | Crypt:3  | Killed Sojobo
 55173 | Crypt:3  | Noticed Vv
 55286 | Crypt:3  | Killed Vv
 55879 | Slime:1  | Entered Level 1 of the Pits of Slime
 55885 | Slime:1  | Reached skill level 24 in Stealth
 56165 | Lair:4   | Reached skill level 10 in Hexes
 56388 | Slime:5  | Entered Level 5 of the Pits of Slime
 56470 | Slime:5  | Gained mutation: You are frail. (-10% HP) [a shining eye]
 56493 | Slime:5  | Noticed the Royal Jelly
 56501 | Slime:5  | Reached XP level 26. HP: 186/198 MP: 40/40
 56636 | Slime:5  | Killed the Royal Jelly
 56710 | Slime:5  | HP: 9/198 [acid blob[the Royal Jelly] (23)]
 56939 | Slime:2  | Gained mutation: Your magical capacity is low. (-10% MP) [a
                  | shining eye]
 56991 | Slime:2  | Lost mutation: You are agile. (Dex +4, Str/Int -1) [potion
                  | of mutation]
 56991 | Slime:2  | Lost mutation: Your flesh is heat resistant. (rF+) [potion
                  | of mutation]
 56991 | Slime:2  | Lost mutation: You are frail. (-10% HP) [potion of
                  | mutation]
 56991 | Slime:2  | Gained mutation: Your magical capacity is very low. (-20%
                  | MP) [potion of mutation]
 57388 | Slime:5  | Identified the +3 long sword of the Sharp God {spect, rF+
                  | Dex-5 SInv}
 57393 | Slime:5  | Identified the +1 short sword of Nielythra {flame, Dex+3}
 57394 | Slime:5  | Identified the +2 longbow of the Magi {freeze, rElec rF+
                  | Will+}
 57402 | Slime:5  | Identified the +6 morningstar of Squeaky Responsibility
                  | {vamp, Fly rElec Str-3 Int+5}
 57405 | Slime:5  | Identified the +0 scale mail "Doutai" {+Inv}
 57536 | Slime:5  | Identified the staff of Embarrassment {rElec Str+3 Air}
 57584 | Slime:5  | Got a slimy rune of Zot
 57585 | Slime:5  | Identified the scarf "Neuxarod" {repulsion, rPois Int+3}
 57632 | Slime:5  | Learned a level 8 spell: Discord
 57667 | Slime:5  | Identified the staff of Truth {Int+4 Stlth+ Conj}
 58395 | Zot:1    | Entered Level 1 of the Realm of Zot
 58470 | Zot:1    | Noticed an ancient lich
 58470 | Zot:1    | Noticed a Killer Klown
 58526 | Zot:1    | Killed an ancient lich
 58556 | Zot:1    | Killed a Killer Klown
 58604 | Zot:1    | Noticed an orb of fire
 58612 | Zot:1    | Gained mutation: Your movements are slightly less
                  | encumbered by armour. (ER -2) [an orb of fire]
 58630 | Zot:1    | Killed an orb of fire
 59137 | Zot:5    | Entered Level 5 of the Realm of Zot
 59297 | Zot:5    | Noticed a dread lich
 59307 | Zot:5    | Noticed an orb of fire
 59307 | Zot:5    | Noticed a Killer Klown
 59307 | Zot:5    | Noticed an orb of fire
 59310 | Zot:5    | Noticed a dread lich
 59311 | Zot:5    | Noticed an orb of fire
 59334 | Zot:5    | Got the Orb of Zot
 59336 | Zot:5    | Noticed an orb of fire
 59342 | Zot:5    | Noticed a Killer Klown
 59342 | Zot:5    | Noticed an orb of fire
 59346 | Zot:5    | Noticed an ancient lich
 59349 | Zot:5    | Noticed an orb of fire
 59358 | Zot:5    | Killed a Killer Klown
 59370 | Zot:5    | Killed a dread lich
 59385 | Zot:5    | Reached XP level 27. HP: 218/228 MP: 8/33
 59400 | Zot:5    | Killed a dread lich
 59667 | Depths:2 | Noticed Guenub the pandemonium lord
 59667 | Depths:2 | Noticed an ancient lich
 59710 | Depths:1 | Gained mutation: You are clumsy. (Dex -2) [a cacodemon]
 59724 | Depths:1 | Gained mutation: You are frail. (-10% HP) [a cacodemon]
 59732 | Depths:1 | Gained mutation: You sometimes lose your temper in combat.
                  | [a cacodemon]
 59740 | D:15     | Lost mutation: Your magical capacity is very low. (-20% MP)
                  | [potion of mutation]
 59740 | D:15     | Lost mutation: You sometimes lose your temper in combat.
                  | [potion of mutation]
 59740 | D:15     | Lost mutation: You are frail. (-10% HP) [potion of
                  | mutation]
 59740 | D:15     | Gained mutation: Your mind is acute. (Int +4, Str/Dex -1)
                  | [potion of mutation]
 59740 | D:15     | Lost mutation: Your movements are slightly less encumbered
                  | by armour. (ER -2) [potion of mutation]
 60042 | D:1      | Lost mutation: Your magical capacity is low. (-10% MP)
                  | [potion of mutation]
 60042 | D:1      | Lost mutation: You are clumsy. (Dex -2) [potion of
                  | mutation]
 60042 | D:1      | Lost mutation: Your mind is acute. (Int +4, Str/Dex -1)
                  | [potion of mutation]
 60042 | D:1      | Gained mutation: You are clumsy. (Dex -2) [potion of
                  | mutation]
 60044 | D:$      | Escaped with the Orb!

Illustrated notes

Levels and vault maps discovered:
D:1:      dpeg_arrival_caged_fury, layout_basic, kennysheep_boxes
D:2:      layout_basic, basic_altar
D:3:      minmay_general_purpose_star, layout_basic,
          gammafunk_ghost_abyssal_escape, uniq_sigmund
D:4:      layout_loops_ring, kennysheep_little_box,
          nicolae_wu_jian_glorious_leap, minmay_temple_entry_nine_rooms,
          serial_shops, nicolae_shop_tiny_statue_garden,
          chequers_serial_rivers_micro_c, chequers_serial_rivers_small_b
D:5:      layout_layer_cave, uniq_eustachio, uniq_edmund, uniq_grinder,
          uniq_ijyb, uniq_menkaure
D:6:      layout_cave_pods, serial_shops, shop, grunt_ministairs_14,
          nicolae_half_adder
D:7:      layout_cave_pools, serial_shops, nicolae_diamond_shop, enter_bailey_2,
          uniq_pikel
D:8:      minmay_cut_squares, layout_rooms, nzn_life_drinkers, uniq_jeremiah
D:9:      minmay_curly_fans, layout_long_grid,
          mainiacjoe_overflow_cross_hatched, uniq_prince_ribbit1
D:10:     layout_rooms, tso_altar, grunt_temple_overflow_diamond,
          lair_entry_dummy, serial_shops, nicolae_diamond_shop, uniq_harold,
          uniq_grum
D:11:     layout_basic, serial_shops, shop, corexii_leaking_fountain, uniq_urug,
          uniq_lodul, uniq_sonja
D:12:     minmay_crescents, layout_loops_ring
D:13:     layout_irregular_city, gauntlet_entry_generic, serial_shops, shop
D:14:     layout_basic, david_vaults_5, cheibriados_altar_1, uniq_roxanne,
          uniq_jorgrun
D:15:     gammafunk_depths_entry_grave, layout_basic, serial_shops,
          nicolae_shop_pleasant_corner_grove, nicolae_shop_trees, shop, shop,
          nrook_guardian_serpent_ordinary
Temple:   nicolae_temple_no_exploring_needed
Lair:1:   layout_loops_ring, grunt_megastairs_2, infiniplex_staircase_pool_2,
          uniq_maggie, uniq_gastronok
Lair:2:   wad_woods_04, layout_cave_shapes, nicolae_snake_entry_squirm,
          serial_forest, infiniplex_forest_corner_1, infiniplex_forest_end_3,
          infiniplex_forest_pool, infiniplex_forest_straight_3,
          infiniplex_forest_corner_2, st_stairs_11
Lair:3:   layout_gridlike, swamp_mist_pool, basic_altar
Lair:4:   layout_cellular_growth, slime_entry_1, minivault_19
Lair:5:   hellmonk_lair_end_abyssal_woods, layout_hall_layers, minivault_25
Swamp:1:  layout_basic_swamp, evilmike_swamp_ruin_house_6
Swamp:2:  cheibrodos_swamp_tower_of_moss, layout_falls_marsh,
          nicolae_swamp_well_well_well
Swamp:3:  layout_falls_marsh, evilmike_swamp_ruin_rubble_2, swamp_pool4,
          uniq_donald
Swamp:4:  swamp_old_school, layout_basic_swamp
Snake:1:  layout_basic, nicolae_snake_gridmaze_waves, lemuel_fruit_tree,
          uniq_kirke, uniq_aizul
Snake:2:  layout_gridlike, nicolae_snake_omega, minmay_shoptagon,
          serial_bayou_shore_b
Snake:3:  layout_grid_maze, uniq_vashnia, uniq_mlioglotl
Snake:4:  minmay_snake_end_coiled, layout_rooms, nicolae_snake_boneroom,
          uniq_agnes
Slime:1:  layout_caves
Slime:2:  layout_caves, cheibrodos_slime_lost_civilization_5
Slime:3:  cheibrodos_slime_lost_civilization_1, layout_caves,
          nicolae_slime_welcoming_committee
Slime:4:  layout_caves
Slime:5:  slime_pit_nicolae_trefoil
Orc:1:    layout_caves
Orc:2:    pf_orc_diabolical, layout_caves, basic_altar, serial_shops,
          nicolae_shop_just_a_little_nook, shop, shop_fountains,
          nicolae_shop_real_fake_doors, nicolae_shop_rolled_up, led_sif_book,
          uniq_josephine, uniq_snorg, uniq_saint_roka
Elf:1:    layout_geoelf_octagon, serial_shops, shop, shop_statue,
          evilmike_minifort, nicolae_elf_archery_training, uniq_norris
Elf:2:    nicolae_elf_blades_crystal_corner, layout_onion_city,
          portal_ice_cave_entry_ice_statue_two
Elf:3:    elf_hall_gauntlet_narrow, layout_geoelf_castle
Vaults:1: hangedman_vaults_maws, nicolae_vaults_network_star, vaults_dpeg_doors,
          nicolae_vaults_tetromino_T_2, ontoclasm_vaults_ligature,
          layout_vaults_omnigrid, serial_shops, nicolae_shop_peninsula
Vaults:2: v_rooms_3, nicolae_vaults_steering_wheel, v_pattern_1,
          nicolae_vaults_surprise_closet, v_misc_5,
          ontoclasm_vaults_ring_square, nicolae_vaults_six-pack,
          ontoclasm_vaults_water_temple, nicolae_vaults_trapezoid_lopsided_3,
          nicolae_vaults_circle_grid_b, nicolae_vaults_double_plus_1,
          layout_vaults_omnicross, uniq_jory
Vaults:3: portal_desolation_entry_twin_temple, v_pattern_4,
          vaults_standard_mumra_x, minmay_crypt_entry_simple_round,
          nicolae_vaults_shipping_containers_6, v_misc_16,
          nicolae_vaults_twisting_passages, ontoclasm_vaults_eye,
          nicolae_vaults_apartment_2, nicolae_vaults_trapezoid_lopsided_1,
          vaults_room_corners, nicolae_vaults_specimen_jars, layout_vaults_ring
Vaults:4: nicolae_vaults_ring_of_whatevers, v_misc_5,
          nicolae_vaults_apartment_2, nicolae_vaults_taking_the_gang_shopping,
          nicolae_vaults_two_Ls, layout_vaults_big_room, serial_shops,
          bzr_in_the_mist, uniq_mara
Vaults:5
Crypt:1:  layout_misc_corridors, gammafunk_ghost_spectres, grunt_megastairs_4
Crypt:2:  layout_regular_city, grunt_megastairs_5
Crypt:3:  grunt_crypt_end_deaths_head, uniq_sojobo, uniq_vv
Depths:1: layout_roguey, enter_ziggurat_e, serial_shops,
          nicolae_shop_bloodbath_and_beyond, hellmouth_3,
          hangedman_abyss_or_decor_stabs, evilmike_spriggan_trog_shrine,
          minmay_shop_grove, serial_bayou_shore_b
Depths:2: minmay_the_grid_octo_tiled_squarecenter_mashed
          [minmay_the_grid_octo_odd_swirl, minmay_the_grid_octo_focus,
          minmay_the_grid_octo_tetromino_candy, minmay_the_grid_octo_clover_2,
          minmay_the_grid_square_5x5_megaprize_hollow,
          minmay_the_grid_square_5x5_plus, minmay_the_grid_square_5x5_two,
          minmay_the_grid_square_5x5_six_small,
          minmay_the_grid_square_5x5_hollow_slash], layout_cave_pools,
          abyss_entry_flame_altar, pf_coc_iceberg, gammafunk_ghost_split,
          grunt_pan_entry_spiral
Depths:3: minmay_isolated_rectangles_in_corner, layout_cave_pools,
          hellmonk_ghost_happy_afterlife, serial_column_ruins,
          column_ruins_columns_straight, column_ruins_open_medium,
          column_ruins_open_tiny, column_ruins_columns_straight,
          column_ruins_columns_straight, column_ruins_grid_1,
          column_ruins_corridor_corner, abyss_entry,
          minmay_misc_feat_more_columns, grunt_hell_entry_dis_grunt
Depths:4: evilmike_zot_entry_basic, layout_gridlike, serial_shops,
          shop_fountains, hell_entry, nicolae_titane, abyss_entry
Zot:1:    grunt_deathspiral_small, layout_onion, uniq_tiamat
Zot:2:    lemuel_acid_trip, layout_concentric_octagons,
          hangedman_zot_decor_slant, grunt_ministairs_10
Zot:3:    layout_basic, regret_index_zotdec_zees, grunt_megastairs_1
Zot:4:    layout_gridville, regret_index_zotdec_fiery_em
Zot:5:    layout_misc_corridors

Skill      XL: |  1  2  3  4  5  6  7  8  9 10 11 12 13 14 15 16 17 18 19 20 21 22 23 24 25 26 |
---------------+-------------------------------------------------------------------------------+-----
Fighting       | 2 3 4 6 7 8 9 10 11 12 13 14 15 16 17 18 19 20 21 | 21.3
Polearms       | 3 7 9 11 13 14 15 16 17 18 19 20 21 22 23 | 23.4
Spellcasting   | 3 4 6 7 8 10 11 12 13 14 | 14.3
Hexes          | 3 5 6 7 10 11 | 11.5
Dodging        | 4 7 8 10 11 13 14 16 17 18 19 20 21 | 21.2
Armour         | 2 3 4 5 10 12 13 | 13.8
Stealth        | 3 5 7 9 10 11 12 16 17 18 19 22 24 | 24.4
Conjurations   | 2 |  2.1
Poison Magic   | 1 |  1.8
Ice Magic      | 1 |  1.6
Air Magic      | 1 |  1.1
Shields        | 3 5 7 8 10 11 12 13 | 13.8
Evocations     | 5 6 8 9 10 11 13 14 15 16 17 | 17.7
Necromancy     | 1 2 |  2.7
Transmutations | 3 |  3.6
Earth Magic    | 2 |  2.2

Action                     |  1- 3 |  4- 6 |  7- 9 | 10-12 | 13-15 | 16-18 | 19-21 | 22-24 | 25-27 || total
---------------------------+-------+-------+-------+-------+-------+-------+-------+-------+-------++-------
  Melee: Club              |    58 |       |       |       |       |       |       |       |       ||    58
         Punch             |     2 |     1 |     2 |     3 |       |       |       |       |       ||     8
         Tailslap          |     4 |       |     1 |       |       |    30 |    17 |     6 |       ||    58
         Dagger            |    63 |    98 |       |       |       |       |       |       |       ||   161
         Trident           |       |    42 |   257 |   522 |  1489 |  2182 |   575 |   402 |       ||  5469
         Demon trident     |       |       |       |       |       |       |  1470 |  1503 |  1844 ||  4817
         Unarmed           |       |       |       |       |       |       |       |    34 |       ||    34
   Cast: Ensorcelled Hiber |       |       |     3 |     4 |       |       |       |       |       ||     7
         Dazzling Flash    |       |       |       |       |    11 |    10 |     9 |       |       ||    30
         Jinxbite          |       |       |       |       |     6 |     3 |       |       |       ||     9
         Mephitic Cloud    |       |       |       |       |     3 |       |     1 |       |       ||     4
         Passwall          |       |       |       |       |     2 |       |       |       |     3 ||     5
         Anguish           |       |       |       |       |       |     8 |     7 |       |       ||    15
 Invoke: Bribe Branch      |       |       |       |       |       |       |       |       |     4 ||     4
         Call Merchant     |       |       |       |       |       |       |       |       |     2 ||     2
         Potion Petition   |       |       |       |       |       |       |       |       |     1 ||     1
Ability: Evoke Invisibilit |       |       |       |       |       |       |       |     1 |       ||     1
  Evoke: Wand              |     9 |     6 |     6 |       |       |     8 |     6 |     7 |    12 ||    54
         Tin of tremorston |       |       |       |       |       |     1 |     2 |     5 |     2 ||    10
         Lightning rod     |       |       |       |       |       |       |       |    10 |     4 ||    14
         Phial of floods   |       |       |       |       |       |       |       |     1 |       ||     1
         Phantom mirror    |       |       |       |       |       |       |       |       |     1 ||     1
    Use: Scroll            |       |       |    14 |    11 |    10 |     4 |    21 |    12 |    15 ||    87
         Potion            |       |       |       |     6 |     1 |     4 |     7 |     2 |    24 ||    44
   Stab: Sleeping          |     2 |     2 |     3 |     9 |    37 |    47 |    62 |    38 |    50 ||   250
         Distracted        |       |       |     4 |     3 |    23 |    21 |    36 |    29 |    28 ||   144
         Invisible         |       |       |     2 |       |    17 |     1 |       |     7 |       ||    27
         Paralysed         |       |       |     1 |       |       |       |       |       |       ||     1
         Confused          |       |       |       |       |     4 |       |       |       |       ||     4
         Petrified         |       |       |       |       |       |       |       |     6 |       ||     6
 Armour: Leather armour    |    73 |    95 |   135 |   165 |       |       |       |       |       ||   468
         Acid dragon scale |       |       |       |    38 |   334 |   923 |   605 |   657 |   600 ||  3157
         Skin              |       |       |       |       |       |       |       |    10 |       ||    10
  Dodge: Dodged            |   102 |    91 |   108 |   201 |   531 |  1088 |   885 |   763 |  1055 ||  4824
  Block: Buckler           |       |       |       |    16 |   235 |   217 |       |       |       ||   468
         Kite shield       |       |       |       |       |       |   775 |   864 |   908 |  1191 ||  3738
         Reflection        |       |       |       |       |       |    67 |   109 |    17 |     6 ||   199

Table legend: (Time is in decaauts)
 A = Elapsed time spent in this place.
 B = Non-inter-level travel time spent in this place.
 C = Inter-level travel time spent in this place.
 D = Time resting spent in this place.
 E = Time spent auto-exploring this place.
 F = Levels seen in this place.
 G = Mean time per level.
                   A        B        C        D        E       F      G
               +--------+--------+--------+--------+--------+-----+--------+
         Total |  56501 |  52103 |   4398 |    625 |  33509 |  61 |  926.2 |
       Dungeon |  15715 |  14106 |   1609 |    259 |  10411 |  15 | 1047.7 |
        Temple |     13 |      2 |     11 |      0 |      0 |   1 |   13.0 |
          Lair |   6718 |   6087 |    631 |      9 |   4834 |   5 | 1343.6 |
         Swamp |   2546 |   2420 |    126 |      6 |   1411 |   4 |  636.5 |
     Snake Pit |   4616 |   4419 |    197 |     51 |   2673 |   4 | 1154.0 |
    Slime Pits |   1876 |   1851 |     25 |    155 |    405 |   5 |  375.2 |
  Orcish Mines |   2182 |   1951 |    231 |     18 |   1206 |   2 | 1091.0 |
   Elven Halls |   3799 |   3584 |    215 |     19 |   2185 |   3 | 1266.3 |
        Vaults |   7158 |   6532 |    626 |      0 |   4211 |   5 | 1431.6 |
         Crypt |   4042 |   3900 |    142 |     36 |   2303 |   3 | 1347.3 |
        Depths |   4478 |   4068 |    410 |      0 |   2671 |   4 | 1119.5 |
           Zot |   1082 |    914 |    168 |     22 |      6 |   5 |  216.4 |
         Abyss |    302 |    302 |      0 |      0 |     85 |   1 |  302.0 |
        Bazaar |    140 |    140 |      0 |      0 |    111 |   1 |  140.0 |
        Bailey |    795 |    795 |      0 |     49 |    474 |   1 |  795.0 |
      Ice Cave |    650 |    650 |      0 |      0 |    340 |   1 |  650.0 |
      Gauntlet |    382 |    382 |      0 |      0 |    178 |   1 |  382.0 |
               +--------+--------+--------+--------+--------+-----+--------+

Top non-repeatable levels by time:
  Lair:5: 2010 daAuts
Vaults:1: 1718 daAuts
Vaults:5: 1709 daAuts
   Orc:2: 1697 daAuts
   Elf:3: 1654 daAuts
 Snake:4: 1639 daAuts
 Crypt:3: 1543 daAuts
 Crypt:1: 1467 daAuts
  Lair:2: 1460 daAuts
  Lair:4: 1457 daAuts
    D:14: 1363 daAuts
    D:12: 1348 daAuts
Vaults:3: 1337 daAuts
 Snake:3: 1329 daAuts
Vaults:2: 1271 daAuts
